 Dungeon Crawl Stone Soup version 0.31.0-11-ge490571c62 (webtiles) character file.

Game seed: 12472886159214286681

53 Gadfly the Ruffian (level 3, -1/27 HPs)
             Began as a Demonspawn Shapeshifter on Jan 27, 2024.
             Slain by a gnoll
             ... wielding a +0 spear
              (5 damage)
             ... on level 3 of the Dungeon.
             The game lasted 00:02:09 (1846 turns).

Gadfly the Ruffian (Demonspawn Shapeshifter)        Turns: 1846, Time: 00:02:09

Health: -1/27      AC:  2    Str: 16    XL:     3   Next: 62%
Magic:  3/3        EV: 12    Int: 10    God:
Gold:   90         SH:  4    Dex: 12    Spells: 2/2 levels left

rFire   . .          .
                       - Unarmed
rCold   . . .        (no shield)
rNeg    . . .        a - +0 animal skin
rPois   .            (helmet currently unavailable)
rElec   .            (cloak currently unavailable)
rCorr   .            (gloves currently unavailable)
SInv    .            (boots currently unavailable)
Will    .....        (no amulet)
Stlth   +            (no ring)
HPRegen 0.24/turn    (no ring)
MPRegen 0.08/turn

%: no passive effects
@: beast-form
A: beast (slay +1), hooves 1, condensation shield
a: Begin Untransformation


You were on level 3 of the Dungeon.
You were a hulking beast.
You visited 1 branch of the dungeon, and saw 3 of its levels.

You collected 90 gold pieces.

Inventory:

Hand Weapons
 b - a +2 spear of freezing
 k - a +1 dagger of draining
Armour
 a - a +0 animal skin (worn)
Jewellery
 l - a ring of magical power
Talismans
 c - a beast talisman (active)
 d - a flux talisman
Potions
 e - a potion of brilliance
 f - a potion of berserk rage
 g - 2 potions of resistance
 h - a potion of might
 i - a potion of curing
 j - 2 potions of lignification


   Skills:
 + Level 1.7 Fighting
 * Level 2.3 Dodging
 + Level 3.0 Unarmed Combat
 * Level 1.5 Evocations
 + Level 2.8 Shapeshifting


You had 2 spell levels left.
You didn't know any spells.
Your spell library contained the following spells:

 Spells                   Type           Power      Damage    Failure   Level
 Static Discharge         Conj/Air       0%         3-3/arc   50%         2
 Stone Arrow              Conj/Erth      0%         3d7       75%         3
 Airstrike                Air            0%         2d(0-16)  98%         4
 Animate Armour           Summ/Erth      0%         N/A       98%         4
 Manifold Assault         Tloc           0%         N/A       98%         4
 Summon Lightning Spire   Summ/Air       0%         N/A       98%         4
 Dispersal                Tloc           0%         N/A       100%        6
 Disjunction              Tloc           0%         N/A       100%        8
 Lehudib's Crystal Spear  Conj/Erth      0%         10d2      100%        8


Dungeon Overview and Level Annotations

Branches:
Dungeon (3/15)

Altars:
Makhleb
Trog


Innate Abilities, Weirdness & Mutations

You are a hulking beast.
Your limbs bulge with bestial killing power. (Slay +1)
You have large cloven feet.
A meltable shield of frost defends you. (SH +4)


Message History

You are too injured to fight recklessly!
You are too injured to fight recklessly!
You are too injured to fight recklessly!
Unknown command.
You closely miss the gnoll.
The gnoll is heavily wounded.
The gnoll hits you with a +0 club.
* * * LOW HITPOINT WARNING * * *
The gnoll hits you from afar with a +0 spear.
* * * LOW HITPOINT WARNING * * *
Unknown command.
The gnoll attacks as it pursues you! You block the gnoll's attack.
The gnoll attacks as it pursues you! The gnoll closely misses you.
It was a potion of brilliance.
You feel clever all of a sudden. The gnoll completely misses you.
It was a potion of curing.
You feel better. You block the gnoll's attack.
The gnoll attacks as it pursues you! The gnoll closely misses you.
The gnoll attacks as it pursues you! The gnoll hits you with a +0 club.
You see here a +0 shortbow.
The gnoll attacks as it pursues you! The gnoll hits you with a +0 club.
The gnoll attacks as it pursues you! You block the gnoll's attack.
You hit the gnoll. Your kick misses the gnoll.
The gnoll is severely wounded.
The gnoll barely misses you.
You hit the gnoll but do no damage.
The gnoll is severely wounded.
The gnoll hits you with a +0 club!
* * * LOW HITPOINT WARNING * * *
You see here a ball python corpse.
The gnoll attacks as it pursues you! You block the gnoll's attack.
You open the door. The gnoll attacks as it pursues you!
The gnoll hits you from afar with a +0 spear!
* * * LOW HITPOINT WARNING * * *
There is an open door, spattered with blood here.
You feel a little less clever now.
There is a stone staircase leading up here.
The gnoll hits you from afar with a +0 spear.
You die...

#........# #..######.##.#
##.#.###.# #..######.##.#
#.#.###.###.........##.#
##..(..........########.#
#....######.....## #.# #.#.##
##.......## ##.##
#....####.........####...####
#.......+.........+..........
#....####...h.....####.[..###
##.#.## ##.......## ##.#..#
##.#.## ##.g...## ####.#
#.###.# ##.g.## #.# ##.#.##
##'## #.# ##.## #.# #.# #.#
#.# #.# #.# ##.## #.# #.#
#######...## #.#


You could see 2 gnolls.

Vanquished Creatures
  A gnoll (D:3)
  A dart slug (D:3)
  A ribbon worm (D:3)
  An endoplasm (D:3)
  4 giant cockroaches
  3 goblins
  7 hobgoblins
  3 jackals (D:1)
  A kobold (D:2)
  7 ball pythons
  2 bats (D:1)
  A frilled lizard (D:2)
  2 rats
34 creatures vanquished.

Notes
Turn   | Place    | Note
-------+----------+-------------------------------------------
     0 | D:1      | Gadfly the Demonspawn Shapeshifter began the quest for the
                  | Orb.
     0 | D:1      | Reached XP level 1. HP: 15/15 MP: 1/1
   215 | D:1      | Discovered your monstrous ancestry.
   215 | D:1      | Gained mutation: You have large cloven feet. [demonic
                  | ancestry]
   215 | D:1      | Reached XP level 2. HP: 21/21 MP: 2/2
   357 | D:1      | Reached skill level 1 in Evocations
  1366 | D:2      | Gained mutation: A meltable shield of frost defends you.
                  | (SH +4) [demonic ancestry]
  1366 | D:2      | Reached XP level 3. HP: 20/26 MP: 3/3
  1752 | D:3      | Found a burning altar of Makhleb.
  1766 | D:3      | Found a bloodstained altar of Trog.
  1791 | D:3      | Reached skill level 3 in Unarmed Combat
  1794 | D:3      | HP: 1/27 [gnoll/+0 spear (6)]
  1846 | D:3      | Slain by a gnoll

Illustrated notes

Levels and vault maps discovered:
D:1:      lightli_arrival_quake, layout_rooms, kennysheep_nondescript,
          nrook_mini_vaults, minivault_19
D:2:      layout_basic
D:3:      layout_loops_corners, chequers_temple_overflow_statue_of_worship,
          serial_shops, shop

Skill      XL: |  1  2  3 |
---------------+----------+-----
Dodging        | 2 |  2.3
Evocations     | 1 |  1.5
Unarmed Combat | 3 |  3.0
Fighting       | |  1.7
Shapeshifting  | |  2.8

Action                     || total
---------------------------++-------
  Melee: Unarmed           ||    86
         Kick              ||    13
         Punch             ||     3
Ability: Begin Untransform ||     1
    Use: Scroll            ||     6
         Potion            ||     3
   Stab: Sleeping          ||     3
 Armour: Animal skin       ||    47
  Dodge: Dodged            ||    53
  Block: Other             ||     7
   Form: Beast             ||     1
